 Dungeon Crawl Stone Soup version 0.27-a0-334-g52645efa06 (webtiles) character file.

Game seed: 16024998631337956531

128437 GEC the Cloud Mage (level 17, -12/100 HPs)
             Began as a Tengu Air Elementalist on Feb 13, 2021.
             Was the Champion of Qazlal.
             Killed from afar by a fire giant (37 damage)
             ... with a fireball
             ... on level 14 of the Dungeon.
             The game lasted 01:51:50 (42200 turns).

GEC the Cloud Mage (Tengu Air Elementalist)        Turns: 42200, Time: 01:51:50

Health: -12/100    AC: 11    Str:  9    XL:     17   Next: 3%
Magic:  33/33      EV: 24    Int: 26    God:    Qazlal [******]
Gold:   1722       SH: 14    Dex: 15    Spells: 15/39 levels left

rFire    . . .     SeeInvis +   x - staff of air
rCold    + + .     Faith    .   R - +1 buckler {rC+}
rNeg     . . .     Spirit   .   P - +3 leather armour {rC+}
rPois    +         Reflect  .   (helmet restricted)
rElec    +         Harm     .   J - +2 cloak {rPois}
rCorr    +         Rampage  .   a - +0 pair of gloves
Will     +....                  (boots unavailable)
Stlth    +.........             T - amulet of magic regeneration
HPRegen  0.26/turn              b - +6 ring of intelligence
MPRegen  0.48/turn              z - ring "Pixuh" {rElec rPois rCorr Dex-2 SInv}

@: flying quickly and evasively, studying Slings, repel missiles, quick
A: beak, talons 3, able to fly
a: Stop Flying, Renounce Religion, Upheaval, Elemental Force, Disaster Area


You were on level 14 of the Dungeon.
You worshipped Qazlal.
Qazlal was exalted by your worship.
You visited 4 branches of the dungeon, and saw 24 of its levels.
You also visited: Bailey, Gauntlet and Ice Cave.

You collected 3643 gold pieces.
You spent 1921 gold pieces at shops.

Inventory:

Hand Weapons
 I - the +7 Singing Sword {vorpal, sonic wave}
   (You acquired it on level 13 of the Dungeon)

   It inflicts extra damage upon your enemies.
Armour
 a - a +0 pair of gloves (worn)
 J - a +2 cloak of poison resistance (worn)
 P - a +3 leather armour of cold resistance (worn)
 R - a +1 buckler of cold resistance (worn)
 S - a +4 ring mail of cold resistance
Magical Staves
 x - a staff of air (weapon)
 M - a staff of conjuration
Jewellery
 b - a +6 ring of intelligence (left hand)
 e - a ring of resist corrosion
 j - a ring of protection from cold
 z - the ring "Pixuh" (right hand) {rElec rPois rCorr Dex-2 SInv}
   (You bought it in a shop on level 4 of the Dungeon)

   [ring of resist corrosion]

   It affects your dexterity (-2).
   It insulates you from electricity.
   It protects you from poison.
   It lets you see invisible.
   It provides partial protection from all sources of acid and corrosion.
 A - a +6 ring of strength
 C - the ring "Ompeor" {Ice rPois}
   (You found it in an ice cave)

   [ring of ice]

   It enhances your ice magic.
   It makes you vulnerable to fire.
   It protects you from cold.
   It protects you from poison.
 G - a ring of see invisible {unknown}
 Q - a +4 ring of evasion
 T - an amulet of magic regeneration (around neck)
Wands
 i - a wand of acid (16)
 l - a wand of digging (6)
 m - a wand of paralysis (17)
 r - a wand of charming (13)
 s - a wand of flame (35)
 B - a wand of iceblast (18)
 O - a wand of mindburst (23)
Scrolls
 k - 6 scrolls of amnesia
 n - 8 scrolls of teleportation
 p - 3 scrolls of fog
 v - a scroll of fear
 y - a scroll of holy word
 D - 2 scrolls of blinking
 F - a scroll of enchant weapon
 L - a scroll of magic mapping
 N - a scroll of silence {unknown}
Potions
 c - 2 potions of haste
 d - 2 potions of mutation
 f - 6 potions of brilliance
 h - 5 potions of heal wounds
 o - a potion of ambrosia
 q - 7 potions of curing
 t - 2 potions of magic
 u - 2 potions of berserk rage {unknown}
 w - 4 potions of lignification
 E - 2 potions of resistance
 H - 2 potions of attraction
 K - 4 potions of might


   Skills:
 + Level 9.5 Fighting
 + Level 5.7 Armour
 + Level 13.7 Dodging
 - Level 2.0 Stealth
 - Level 4.0 Shields
 + Level 11.5 Spellcasting
 - Level 8.4 Conjurations
 * Level 21.3 Air Magic
 + Level 10.0 Invocations


You had 15 spell levels left.
You knew the following spells:

 Your Spells              Type           Power        Failure   Level
a - Shock                 Conj/Air       100%         0%          1
b - Airstrike             Air            56%          0%          4
c - Lightning Bolt        Conj/Air       47%          1%          5
d - Summon Lightning Spi  Summ/Air       81%          1%          4
e - Conjure Ball Lightni  Conj/Air       47%          1%          6
f - Iskenderun's Mystic   Conj/Tloc      36%          9%          4

Your spell library contained the following spells:

 Spells                   Type           Power        Failure   Level
 Swiftness                Air            100%         0%          2
 Magic Dart               Conj           100%         1%          1
 Poisonous Vapours        Pois/Air       100%         1%          2
 Searing Ray              Conj           100%         1%          2
 Mephitic Cloud           Conj/Pois/Air  79%          1%          3
 Static Discharge         Conj/Air       95%          1%          3
 Silence                  Hex/Air        40%          1%          5
 Conjure Flame            Conj/Fire      36%          2%          3
 Dazzling Flash           Conj/Hex       72%          2%          3
 Stone Arrow              Conj/Erth      72%          2%          3
 Animate Skeleton         Necr           28%          5%          1
 Pain                     Necr           56%          5%          1
 Sandblast                Erth           28%          5%          1
 Passwall                 Tmut/Erth      11%          8%          2
 Fulminant Prism          Conj/Hex       18%          9%          4
 Freezing Cloud           Conj/Ice/Air   39%          14%         6
 Vampiric Draining        Necr           7%           16%         3
 Irradiate                Conj/Tmut      18%          26%         5
 Animate Dead             Necr           7%           45%         4
 Ice Form                 Ice/Tmut       14%          45%         4
 Olgreb's Toxic Radiance  Pois           14%          45%         4
 Petrify                  Tmut/Erth      14%          45%         4
 Chain Lightning          Conj/Air       47%          58%         8
 Tornado                  Air            56%          63%         9
 Agony                    Necr           14%          82%         5
 Alistair's Intoxication  Tmut/Pois      9%           82%         5
 Lee's Rapid Deconstruct  Erth           7%           82%         5
 Metabolic Englaciation   Hex/Ice        7%           82%         5
 Simulacrum               Ice/Necr       7%           100%        6
 Haunt                    Necr/Summ      7%           100%        7
 Malign Gateway           Summ/Tloc      7%           100%        7
 Monstrous Menagerie      Summ           7%           100%        7
 Ozocubu's Refrigeration  Ice            7%           100%        7
 Lehudib's Crystal Spear  Conj/Erth      18%          100%        8
 Summon Horrible Things   Summ           7%           100%        8
 Absolute Zero            Ice            7%           100%        9
 Fire Storm               Conj/Fire      18%          100%        9


Dungeon Overview and Level Annotations

Branches:
Dungeon (15/15)            Temple (1/1) D:4            Lair (6/6) D:10
 Shoals (0/4) Lair:4        Snake (0/4) Lair:4        Slime (0/5) Lair:6
    Orc (2/2) D:10            Elf (0/3) Orc:2        Vaults (0/5) D:13
 Bailey (visited)           IceCv (visited)         Gauntlet (visited)
 Depths: D:15

Altars:
Ashenzari
Cheibriados
Dithmenos
Fedhas
Gozag
Hepliaklqana
Kikubaaqudgha
Makhleb
Nemelex Xobeh
Okawaru
Qazlal
Ru
Sif Muna
Vehumet
Wu Jian
Xom
Yredelemnul
Zin
The Shining One
Beogh

Shops:
D:4 =   D:5 ?   D:6 !   D:7 =   D:8 *   D:13 [   Orc:2 **:![

Annotations:
D:10 2 transporters, garrulousMonolith's ghost, journeyman HOFi
D:15 Agnes


Innate Abilities, Weirdness & Mutations

You have a beak for a mouth.
You have claws for feet.
You can fly continuously.


Message History

3 ball lightnings come into view.
There is an open door here.
Your ball lightning explodes!
The blast of lightning engulfs the fire giant!!
The fire giant is moderately wounded.
The blast of lightning engulfs your ball lightning.
Your ball lightning completely resists.
The fire giant gestures at you while chanting.
The bolt of fire hits your ball lightning.
Your ball lightning completely resists.
The bolt of fire hits your ball lightning.
Your ball lightning completely resists.
The bolt of fire hits you!!!
* * * LOW HITPOINT WARNING * * *
You hear a sizzling sound!
Your ball lightning explodes!
The blast of lightning engulfs your ball lightning.
Your ball lightning completely resists.
The blast of lightning engulfs the fire giant!!
The fire giant is heavily wounded.
Unknown command.
You reach down and close the door.
Something unseen opens the door.
There is an open door here.
Which direction?
You reach down and close the door, pushing everything out of the way.
The fire giant casts a spell at you.
You hear a sizzling sound!
You reach down and close the door.
You reach down and open the door.
There is an open door here.
Things that are here:
a +3 war axe; a +0 robe
There is an open door here.
You reach down and close the door.
A fire giant opens the door.
You reach down and open the door.
The fire giant casts a spell at you.
The fireball explodes!
The fireball engulfs you!!!
You die...

*,,,,,,,,,,***********,* #''
*******'**** *,,* #'' ***,,*
*,** ### *,,,** *,* **,***
*,* *,,* *.# **+*#######*
*[# *,,,.(.....###
###'####### *,,,..>....@.###
#.......... *,,,.......#...#
#..........
*,,,.......###.###..........
*,,,.......* #...#..........
*,,,.......* ###.C........^.
*,,,.......* ###..........
*,,,.....(.* #..........
***'#######* #..)[......
*,,,** ####C######


You could see a fire giant.

Vanquished Creatures
  Rupert (Lair:3)
  A tengu reaver (D:14)
  A shadow dragon (D:14)
  A fire giant (D:14)
  A frost giant (IceCv)
  An orc warlord (Bailey)
  A stone giant (D:14)
  Nessos (D:13)
  A dire elephant (Lair:6)
  A minotaur (Gauntlet)
  A deep elf annihilator (D:14)
  An ettin (D:14)
  A fire dragon (Lair:6)
  Fannar (Lair:3)
  A yaktaur captain (D:14)
  A boulder beetle (Lair:6)
  4 hydras
  An ogre mage (D:15)
  Harold (Lair:1)
  3 catoblepae
  3 two-headed ogres
  2 centaur warriors (D:14)
  12 death yaks
  A dancing weapon (D:14)
  A deep troll earth mage (D:14)
  4 tengu warriors
  4 orc high priests (Orc:2)
  A hell knight (D:14)
  Sonja (Lair:3)
  An unseen horror (D:13)
  A swamp dragon (Lair:6)
  4 wizards
  A deep elf pyromancer (D:14)
  A lindwurm (Lair:6)
  2 wolf spider zombies (D:13)
  6 orc sorcerers
  4 orc knights (Orc:2)
  5 ugly things
  A cyclops (D:14)
  5 oklob plants (Lair:6)
  4 merfolk sirens (Lair:4)
  A guardian serpent (D:12)
  6 black mambas
  2 gargoyles
  19 elephants
  2 torpor snails
  An ice statue (IceCv)
  Psyche (D:11)
  15 cane toads
  8 rime drakes
  A kobold demonologist (D:12)
  3 tengu conjurers
  7 komodo dragons
  A komodo dragon (shapeshifter) (D:13)
  14 polar bears
  8 trolls
  3 large abominations (Gauntlet)
  27 blink frogs
  A tyrant leech (shapeshifter) (D:14)
  A raiju (Gauntlet)
  16 slime creatures (D:14)
  3 dream sheep (Lair:6)
  2 shadows
  2 wraiths
  9 wyverns
  Eustachio (D:5)
  4 basilisks
  37 yaks
  6 steam dragons
  3 wargs
  A soldier ant (D:13)
  3 acid dragons
  15 water moccasins
  23 orc warriors
  2 swamp drakes (Lair:6)
  13 ice beasts
  5 sky beasts
  A black bear (D:8)
  5 necrophages (Lair:4)
  16 ogres
  25 wolves
  A phantom (D:11)
  An eye of draining (D:10)
  8 centaurs
  4 kobold brigands
  3 gnoll sergeants (D:10)
  20 bullfrogs
  A wyvern skeleton (D:11)
  A water moccasin skeleton (D:8)
  2 scorpions
  5 killer bees
  13 wights
  4 electric eels
  5 howler monkeys
  8 jellies
  6 small abominations (Gauntlet)
  2 bullfrog zombies
  2 centaur zombies
  2 quasits
  9 hounds
  17 orc priests
  A bullfrog skeleton (D:9)
  2 centaur skeletons (D:10)
  8 iguanas
  10 worker ants
  23 orc wizards
  A hound skeleton (D:4)
  A howler monkey zombie (D:9)
  2 worker ant zombies
  12 gnolls
  15 adders
  2 shadow imps
  5 white imps
  An ufetubus (D:9)
  4 oozes
  An adder skeleton (D:8)
  4 worms
  A dart slug (D:2)
  4 leopard geckos
  74 orcs
  A ball python (D:3)
  3 bats
  7 giant cockroaches
  24 goblins
  6 hobgoblins
  14 jackals
  29 kobolds
  5 quokkas
  8 frilled lizards
  A jackal skeleton (D:7)
  A leopard gecko skeleton (D:6)
  A quokka skeleton (D:8)
  12 rats
  A spectral orc (D:7)
800 creatures vanquished.

Vanquished Creatures (collateral kills)
  2 ugly things (D:14)
  3 yaks (Lair:3)
  20 ball lightnings
25 creatures vanquished.

Vanquished Creatures (others)
  A rime drake (IceCv)
  5 polar bears (IceCv)
  4 yaks (IceCv)
  6 wolves (IceCv)
  2 orcs (D:10)
  286 ball lightnings
  55 fungi
  108 plants
467 creatures vanquished.

Grand Total: 1292 creatures vanquished

Notes
Turn   | Place    | Note
-------+----------+-------------------------------------------
     0 | D:1      | GEC the Tengu Air Elementalist began the quest for the Orb.
     0 | D:1      | Reached XP level 1. HP: 10/10 MP: 4/4
   262 | D:1      | Reached XP level 2. HP: 8/15 MP: 0/6
   499 | D:1      | Reached XP level 3. HP: 19/19 MP: 1/7
   693 | D:1      | You fall into a shaft and drop 1 floor!
   760 | D:2      | Reached skill level 5 in Air Magic
  1306 | D:1      | Reached XP level 4. HP: 24/24 MP: 5/8
  1665 | D:2      | Found an opulent altar of Gozag.
  1769 | D:2      | Found a sacrificial altar of Ru.
  1807 | D:2      | Found a shimmering altar of Xom.
  2761 | D:2      | Gained mutation: You can fly continuously. [Tengu growth]
  2761 | D:2      | Reached XP level 5. HP: 28/28 MP: 8/10
  2833 | D:2      | Found an iron altar of Okawaru.
  3060 | D:2      | Reached skill level 6 in Air Magic
  3183 | D:2      | Found an opulent altar of Gozag.
  3249 | D:2      | Found a sacrificial altar of Ru.
  3687 | D:2      | Found a shimmering altar of Xom.
  3843 | D:2      | Found an iron altar of Okawaru.
  3991 | D:3      | Found a broken altar of Ashenzari.
  4893 | D:3      | Reached XP level 6. HP: 32/32 MP: 9/11
  5173 | D:4      | Found a radiant altar of Vehumet.
  5275 | D:4      | Found a staircase to the Ecumenical Temple.
  5284 | Temple   | Entered the Ecumenical Temple
  5305 | Temple   | Became a worshipper of Qazlal Stormbringer
  5360 | D:4      | Found Xoagh's Jewellery Boutique.
  5362 | D:4      | Reached skill level 7 in Air Magic
  5370 | D:4      | Found an ancient bone altar of Kikubaaqudgha.
  5376 | D:4      | Learned a level 4 spell: Airstrike
  6076 | D:5      | Entered Level 5 of the Dungeon
  6329 | D:5      | Reached XP level 7. HP: 34/36 MP: 11/13
  6359 | D:5      | Reached skill level 8 in Air Magic
  6709 | D:5      | Noticed Eustachio
  6714 | D:5      | Killed Eustachio
  6715 | D:5      | Reached skill level 5 in Dodging
  6715 | D:5      | Reached skill level 9 in Air Magic
  6715 | D:5      | Reached XP level 8. HP: 41/41 MP: 0/15
  7178 | D:5      | Found Awnionk's Magic Scroll Shop.
  7277 | D:5      | Bought a scroll of teleportation for 33 gold pieces
  7277 | D:5      | Bought a scroll of teleportation for 33 gold pieces
  8056 | D:6      | Found Poel's Distillery.
  8078 | D:6      | Reached * piety under Qazlal
  8093 | D:6      | Reached skill level 10 in Air Magic
  8275 | D:6      | Reached skill level 5 in Spellcasting
  9419 | D:7      | Found Jounif's Jewellery Shoppe.
  9570 | D:7      | Reached ** piety under Qazlal
  9575 | D:7      | Reached XP level 9. HP: 33/45 MP: 10/18
  9576 | D:7      | Reached skill level 11 in Air Magic
  9837 | D:7      | Found a basalt altar of Yredelemnul.
  9941 | D:7      | Found a sparkling altar of Nemelex Xobeh.
 10963 | D:8      | Reached skill level 12 in Air Magic
 11337 | D:8      | Found Nammor's Assorted Antiques.
 11388 | D:8      | Found a shadowy altar of Dithmenos.
 11505 | D:8      | Reached *** piety under Qazlal
 11523 | D:8      | Found a blossoming altar of Fedhas.
 11604 | D:8      | Found a burning altar of Makhleb.
 12081 | D:9      | Reached XP level 10. HP: 26/50 MP: 7/20
 12225 | D:9      | Found a flagged portal.
 12312 | Bailey   | Entered a bailey
 12384 | Bailey   | Noticed an orc warlord
 12424 | Bailey   | Learned a level 5 spell: Lightning Bolt
 12722 | Bailey   | Found a runed translucent gate.
 12738 | Bailey   | Reached **** piety under Qazlal
 12787 | Bailey   | Found a runed translucent gate.
 12790 | Bailey   | Found a runed translucent gate.
 13012 | Bailey   | Killed an orc warlord
 13013 | Bailey   | Reached skill level 13 in Air Magic
 13474 | D:9      | Found a hazy altar of Hepliaklqana.
 14111 | D:9      | Reached skill level 15 in Air Magic
 14111 | D:9      | Reached XP level 11. HP: 54/54 MP: 13/23
 14112 | D:9      | Reached skill level 10 in Dodging
 14112 | D:9      | Reached skill level 16 in Air Magic
 14112 | D:9      | Reached skill level 5 in Invocations
 14112 | D:9      | Reached XP level 12. HP: 64/64 MP: 13/25
 14302 | D:10     | Entered Level 10 of the Dungeon
 14557 | D:10     | Noticed a catoblepas
 14862 | D:9      | Killed a catoblepas
 15011 | D:10     | Found a staircase to the Lair.
 15529 | D:10     | Found a transporter.
 15533 | D:10     | Found a transporter.
 15951 | D:10     | Noticed garrulousMonolith's ghost (journeyman HOFi)
 16315 | D:10     | Found a staircase to the Orcish Mines.
 16468 | Lair:1   | Entered Level 1 of the Lair of Beasts
 16469 | Lair:1   | Noticed Harold
 16479 | Lair:1   | Killed Harold
 16554 | Lair:1   | Reached XP level 13. HP: 69/69 MP: 19/26
 18141 | Lair:1   | Reached skill level 17 in Air Magic
 20028 | Lair:2   | Reached skill level 5 in Fighting
 20562 | Lair:3   | Noticed Rupert
 20563 | Lair:3   | Noticed Sonja
 20565 | Lair:3   | Killed Rupert
 20567 | Lair:3   | Killed Sonja
 20572 | Lair:3   | Noticed Fannar
 21037 | Lair:3   | Killed Fannar
 21094 | Lair:3   | Reached skill level 18 in Air Magic
 21251 | Lair:3   | Reached skill level 5 in Conjurations
 21253 | Lair:3   | Reached XP level 14. HP: 78/78 MP: 7/28
 21381 | Lair:3   | Learned a level 4 spell: Summon Lightning Spire
 21388 | Lair:3   | Learned a level 6 spell: Conjure Ball Lightning
 21626 | D:4      | Bought the ring "Pixuh" {rElec rPois rCorr Dex-2 SInv} for
                  | 420 gold pieces
 23075 | Lair:4   | Reached skill level 10 in Spellcasting
 23369 | Lair:4   | Found a staircase to the Shoals.
 23493 | Lair:4   | Identified the Compendium of Cloudy Envenoming
 24525 | Lair:4   | Found a staircase to the Snake Pit.
 26025 | Lair:6   | Entered Level 6 of the Lair of Beasts
 26408 | Lair:6   | Reached ***** piety under Qazlal
 27323 | Lair:6   | Reached skill level 19 in Air Magic
 27400 | Lair:6   | Noticed a dire elephant
 27415 | Lair:6   | Killed a dire elephant
 28226 | Lair:6   | Reached XP level 15. HP: 68/86 MP: 8/30
 28293 | Lair:6   | Reached skill level 1 in Shields
 30441 | Lair:6   | Found a staircase to the Slime Pits.
 31270 | D:11     | Noticed Psyche
 31274 | D:11     | Killed Psyche
 31488 | D:11     | Paralysed by a centaur for 3 turns
 32639 | D:12     | Identified Garao's Handbook of Orientation and
                  | Transmigration
 32848 | D:12     | You are sucked into a shaft and drop 3 floors!
 32848 | D:15     | Entered Level 15 of the Dungeon
 32853 | D:15     | Paralysed by an orc sorcerer for 6 turns
 32864 | D:15     | Noticed Agnes
 32927 | D:14     | Reached ****** piety under Qazlal
 33242 | D:14     | Reached skill level 20 in Air Magic
 33313 | D:14     | Found a gate leading to a gauntlet.
 33318 | Gauntlet | Entered a Gauntlet
 33318 | Gauntlet | Found a transporter.
 33536 | Gauntlet | Found a transporter.
 33537 | Gauntlet | Found a transporter.
 33537 | Gauntlet | Found a transporter.
 33545 | Gauntlet | Found a transporter.
 33548 | Gauntlet | Found a transporter.
 33549 | Gauntlet | Found a transporter.
 33560 | Gauntlet | Found a transporter.
 33560 | Gauntlet | Found a transporter.
 33561 | Gauntlet | Found a transporter.
 33569 | Gauntlet | Found a transporter.
 33572 | Gauntlet | Found a transporter.
 33573 | Gauntlet | Found a transporter.
 33581 | Gauntlet | Found a transporter.
 33643 | Gauntlet | Found a runed translucent door.
 34267 | D:14     | Identified a scroll of acquirement
 34267 | D:14     | Acquired a staff of air
 34403 | D:13     | Reached XP level 16. HP: 94/94 MP: 22/32
 34485 | D:13     | Found Cirichae's Armour Boutique.
 34647 | D:13     | Found a frozen archway.
 34673 | IceCv    | Entered an ice cave
 35923 | IceCv    | Got a smoking golden ring
 36047 | D:13     | Identified the ring "Ompeor" {Ice rPois} (You found it in
                  | an ice cave)
 36117 | D:13     | Acquired the +7 Singing Sword {vorpal, sonic wave}
 36118 | D:13     | Found the +7 Singing Sword {vorpal, sonic wave}
 36121 | D:13     | Acquired a book of Conjurations
 36128 | D:13     | Learned a level 4 spell: Iskenderun's Mystic Blast
 36128 | D:13     | Acquired 960 gold pieces
 36815 | D:13     | Noticed Nessos
 36819 | D:13     | Killed Nessos
 37033 | D:13     | Found a gate to the Vaults.
 37712 | D:14     | Found a huge runed gate.
 37712 | D:14     | Found a huge runed gate.
 37713 | D:14     | Found a huge runed gate.
 38365 | D:14     | Found a huge runed gate.
 38366 | D:14     | Found a huge runed gate.
 38430 | D:14     | Found a huge runed gate.
 38433 | D:14     | Found a huge runed gate.
 38473 | D:14     | Found a huge runed gate.
 38474 | D:14     | Found a huge runed gate.
 38499 | D:14     | Found a huge runed gate.
 38500 | D:14     | Found a huge runed gate.
 38500 | D:14     | Found a huge runed gate.
 38600 | D:14     | Found a huge runed gate.
 38600 | D:14     | Found a huge runed gate.
 38601 | D:14     | Found a huge runed gate.
 38602 | D:14     | Found a huge runed gate.
 38603 | D:14     | Found a huge runed gate.
 38629 | D:14     | Found a huge runed gate.
 38629 | D:14     | Found a huge runed gate.
 38630 | D:14     | Found a huge runed gate.
 38635 | D:14     | Found a huge runed gate.
 38636 | D:14     | Found a huge runed gate.
 38642 | D:14     | Found a huge runed gate.
 38725 | D:14     | Noticed a tengu reaver
 38725 | D:14     | Noticed a shadow dragon
 38735 | D:14     | Killed a tengu reaver
 38740 | D:14     | HP: 1/90 [shadow dragon/bolt of negative energy (41)]
 39232 | Orc:1    | Entered Level 1 of the Orcish Mines
 39609 | Orc:2    | Entered Level 2 of the Orcish Mines
 39609 | Orc:2    | Found Uluar's Assorted Antiques.
 39609 | Orc:2    | Found a staircase to the Elven Halls.
 40151 | Orc:2    | Found a roughly hewn altar of Beogh.
 40372 | Orc:2    | Reached skill level 5 in Armour
 40377 | Orc:2    | Reached skill level 21 in Air Magic
 40809 | Orc:2    | Found Fuboiwipt's Armour Emporium.
 40809 | Orc:2    | Found Vidd's Distillery.
 40810 | Orc:2    | Found Ystuor's Book Shop.
 40810 | Orc:2    | Found Fengiezo's Assorted Antiques.
 40820 | Orc:2    | Bought a book of Annihilations for 1435 gold pieces
 41538 | D:14     | Killed a shadow dragon
 41539 | D:14     | Reached skill level 10 in Invocations
 41671 | D:14     | Reached XP level 17. HP: 100/100 MP: 6/33
 41901 | D:14     | Identified the Guide on Icy Weightlessness
 42200 | D:14     | Killed from afar by a fire giant

Illustrated notes

Levels and vault maps discovered:
D:1:      psy_arrival_conway, layout_rooms
D:2:      layout_basic, marbit_many_paths, okawaru_altar_gauntlet_db,
          overflow_temple_1_default, lemuel_doored_altar,
          kennysheep_cluttered_room
D:3:      layout_loops_ring, ashenzari_conservatory_becter
D:4:      layout_basic, nicolae_overflow_crystal_walls, lemuel_crystal_altar,
          minmay_temple_entry_drinking_statues, serial_shops, shop
D:5:      kennysheep_spiral_hall, layout_cave_pools, kennysheep_windowed_goal,
          uniq_eustachio
D:6:      layout_gridville, serial_shops, shop_coins, minmay_diced_spiral
D:7:      layout_loops_corners, old_standard_altar,
          yredelemnul_forgotten_temple_becter, serial_shops, shop
D:8:      layout_rooms, fedhas_altar_fruit_tree, bloody_makhleb, serial_shops,
          nicolae_shop_overgrown_old_shop,
          nicolae_dithmenos_through_a_glass_darkly
D:9:      layout_basic, lemuel_round_altar, enter_bailey_5, amethyst_killhole,
          serial_bayou_pond_d
D:10:     layout_basic, lair_entry_dummy,
          kennysheep_orc_monster_closet_entryway, gammafunk_ghost_abyssal_escape
D:11:     layout_basic, uniq_psyche
D:12:     layout_stronghold, nicolae_wwwww, nrook_guardian_serpent_double
D:13:     layout_gridville, david_vaults_1, serial_shops, shop,
          portal_ice_cave_entry_ice_beasts, uniq_nessos
D:14:     layout_roguey, gauntlet_entry_generic,
          hangedman_abyss_or_decor_stagger, door_vault
D:15:     hangedman_depths_entry_civil_slaughter, layout_gridville,
          serial_shops, shop, minmay_misc_feat_enclosed, uniq_agnes
Temple:   eino_wide_crystal_templ
Lair:1:   layout_cave_pods, uniq_harold
Lair:2:   nzn_winding_woodlands_stair_trap
          [nzn_winding_woodlands_5x15_longhouse,
          nzn_winding_woodlands_5x15_cabin, nzn_winding_woodlands_5x15_twine,
          nzn_winding_woodlands_15x15_eel_pit,
          nzn_winding_woodlands_5x15_concentric,
          nzn_winding_woodlands_5x15_garden,
          nzn_winding_woodlands_5x15_pockets], layout_cave_pods,
          columned_hall_lemuel
Lair:3:   layout_cave_pods, serial_bayou_lagoon_b, uniq_fannar, uniq_sonja,
          uniq_rupert
Lair:4:   layout_cave_pods, elwin_shoals_entry_stream, dummy_snake_entry,
          roderic_carrion_pond, grunt_megastairs_2, infiniplex_staircase_pool_2,
          lemuel_fruit_fields
Lair:5:   layout_cave_pods
Lair:6:   guppyfry_lair_end_dragon, layout_regular_city,
          hangedman_lair_in_review, minmay_slime_entry_oklob_enclosed,
          chequers_serial_rivers_micro_b
Orc:1:    layout_diamond_mine
Orc:2:    st_orc_elflike, layout_caves, basic_altar, serial_shops, shop

Skill      XL: |  1  2  3  4  5  6  7  8  9 10 11 12 13 14 15 16 |
---------------+-------------------------------------------------+-----
Air Magic      | 5 6 7 9 10 12 15 16 18 19 20 21 | 21.3
Dodging        | 3 4 5 6 7 9 10 11 12 13 | 13.7
Spellcasting   | 3 4 5 6 7 8 9 10 11 | 11.5
Conjurations   | 4 5 7 8 |  8.4
Invocations    | 4 5 7 8 9 10 | 10.0
Armour         | 3 5 |  5.7
Fighting       | 3 5 7 8 9 |  9.5
Shields        | 4 |  4.0
Stealth        | |  2.0

Action                   |  1- 3 |  4- 6 |  7- 9 | 10-12 | 13-15 | 16-18 || total
-------------------------+-------+-------+-------+-------+-------+-------++-------
Melee: Unarmed           |    12 |       |       |       |       |       ||    12
       Peck              |     2 |       |     3 |     4 |    48 |    15 ||    72
       Kick              |     2 |       |     4 |    11 |    66 |    23 ||   106
       Dagger            |       |       |    10 |    34 |    81 |       ||   125
       Staff             |       |       |       |       |   168 |    75 ||   243
 Cast: Shock             |    61 |   175 |   314 |   147 |    41 |       ||   738
       Airstrike         |       |     1 |    29 |    24 |   215 |   122 ||   391
       Lightning Bolt    |       |       |       |    39 |    96 |    37 ||   172
       Conjure Ball Ligh |       |       |       |       |    70 |    57 ||   127
       Summon Lightning  |       |       |       |       |     2 |     1 ||     3
Invok: Elemental Force   |       |       |       |     2 |     3 |       ||     5
 Abil: Fly               |       |     1 |       |       |       |       ||     1
Evoke: Wand              |       |       |       |       |     3 |     1 ||     4
  Use: Scroll            |       |     6 |     8 |     5 |    17 |     4 ||    40
       Potion            |       |       |       |     5 |     2 |       ||     7
 Stab: Petrified         |       |       |       |       |     5 |       ||     5
Armor: Robe              |    11 |       |     5 |     4 |       |       ||    20
       Leather armour    |       |       |       |    24 |    43 |     9 ||    76
Dodge: Dodged            |    14 |    16 |    95 |   117 |   243 |    74 ||   559
       Repelled          |       |       |       |       |     7 |       ||     7
Block: Other             |       |       |     8 |    27 |    40 |       ||    75
       Buckler           |       |       |       |       |    90 |    59 ||   149

Table legend: (Time is in decaauts)
 A = Elapsed time spent in this place.
 B = Non-inter-level travel time spent in this place.
 C = Inter-level travel time spent in this place.
 D = Time resting spent in this place.
 E = Time spent auto-exploring this place.
 F = Levels seen in this place.
 G = Mean time per level.
                   A        B        C        D        E       F      G
               +--------+--------+--------+--------+--------+-----+--------+
         Total |  40275 |  37914 |   2361 |  11349 |  19953 |  27 | 1491.7 |
       Dungeon |  21903 |  20606 |   1297 |   3432 |  13705 |  15 | 1460.2 |
        Temple |     31 |     31 |      0 |      0 |     10 |   1 |   31.0 |
          Lair |  13264 |  12284 |    980 |   5690 |   4825 |   6 | 2210.7 |
  Orcish Mines |   2023 |   1939 |     84 |    771 |    906 |   2 | 1011.5 |
        Bailey |    830 |    830 |      0 |    372 |     82 |   1 |  830.0 |
      Ice Cave |   1317 |   1317 |      0 |    544 |    422 |   1 | 1317.0 |
      Gauntlet |    903 |    903 |      0 |    540 |      0 |   1 |  903.0 |
               +--------+--------+--------+--------+--------+-----+--------+

Top non-repeatable levels by time:
  Lair:6: 3282 daAuts
     D:2: 2690 daAuts
  Lair:2: 2668 daAuts
    D:14: 2228 daAuts
  Lair:4: 2032 daAuts
  Lair:5: 2010 daAuts
    D:10: 1888 daAuts
    D:13: 1865 daAuts
  Lair:1: 1786 daAuts
     D:9: 1676 daAuts
     D:5: 1644 daAuts
     D:7: 1613 daAuts
   Orc:2: 1601 daAuts
  Lair:3: 1482 daAuts
     D:8: 1388 daAuts
